 Dungeon Crawl Stone Soup version 0.22-a0-348-gd16d139 (webtiles) character file.

2355 4thArraOfDagon the Firebug (level 9, -6/63 (64) HPs)
             Began as a Demigod Fire Elementalist on Apr 7, 2018.
             Killed from afar by Nergalle (33 damage)
             ... with a bolt of negative energy
             ... on level 10 of the Dungeon.
             The game lasted 00:16:33 (4113 turns).

4thArraOfDagon the Firebug (DgFE)                   Turns: 4113, Time: 00:16:34

HP:   -6/63 (64)    AC: 12    Str: 11    XL:     9   Next: 1%
MP:   19/19         EV: -1    Int: 25    God:
Gold: 286           SH:  0    Dex: 16    Spells: 4/17 levels left

rFire    + . .     SeeInvis .   y - +2 war axe (elec)
rCold    x . .     Gourm    .   (no shield)
rNeg     . . .     Faith    .   k - +0 shadow dragon scales (curse)
rPois    .         Spirit   .   (no helmet)
rElec    .         Reflect  .   r - +0 cloak
rCorr    .         Harm     .   f - +0 pair of gloves
MR       .....                  (no boots)
Stlth    +++.......             (no amulet)
HPRegen  0.20/turn              l - -6 ring of evasion (curse)
MPRegen  0.16/turn              t - ring of fire

@: hasted, heavily drained, very quick
A: high mp 1
a: no special abilities


You were on level 10 of the Dungeon.
You were not hungry.

You visited 1 branch of the dungeon, and saw 10 of its levels.

You collected 286 gold pieces.

Inventory:

Hand Weapons
 i - a +0 dagger of venom
 q - a +4 quarterstaff of chaos
 y - a +2 war axe of electrocution (weapon)
Armour
 a - a +0 robe
 f - a +0 pair of gloves (worn)
 k - cursed +0 shadow dragon scales (worn)
 r - a +0 cloak (worn)
 u - a +0 ring mail
 z - the +3 chain mail of the Blizzard {rC- Int+4 Dex+5 SInv, unknown}
   (You found it on level 8 of the Dungeon)

   It affects your intelligence (+4).
   It affects your dexterity (+5).
   It makes you vulnerable to cold.
   It lets you see invisible.
Jewellery
 d - an uncursed ring of ice
 l - a cursed -6 ring of evasion (left hand)
 t - a ring of fire (right hand)
 w - an uncursed ring of protection from cold {unknown}
Wands
 j - a wand of paralysis (19)
 m - a wand of random effects (26)
 p - a wand of acid (4)
Scrolls
 s - 2 scrolls of noise
 v - a scroll of magic mapping
Potions
 b - 2 potions of brilliance
 e - a potion of flight
 g - 2 potions of agility
 h - 2 potions of might
 n - a potion of haste
 o - a potion of curing
Comestibles
 c - 10 rations


   Skills:
 + Level 1.4(0.3) Fighting
 + Level 1.4(0.2) Armour
 - Level 1.7(0.6) Dodging
 - Level 1.7(0.6) Stealth
 + Level 4.7(3.5) Spellcasting
 * Level 6.9(5.6) Conjurations
 * Level 7.5(6.1) Fire Magic


You had 4 spell levels left.
You knew the following spells:

 Your Spells              Type           Power        Failure   Level  Hunger
a - Flame Tongue          Conj/Fire      #####        47%         1    None
b - Conjure Flame         Conj/Fire      ######..     85%         3    ###....
c - Sticky Flame          Conj/Fire      ######..     99%         4    ####...
d - Fireball              Conj/Fire      ######....   100%        5    ######.


Dungeon Overview and Level Annotations

Branches:
Dungeon (9/15)             Temple (0/1) D:5
   Lair: D:8-11         Orc: D:9-12

Annotations:
D:7 4thArraOfDagon's ghost, novice DgFE
D:10 Josephine; Nergalle


Innate Abilities, Weirdness & Mutations

You have an increased reservoir of magic. (+10% MP)


Message History

Nergalle gestures at you while chanting.
Orcish apparitions take form around you.
Unknown command.
Nergalle points at you and mumbles some strange words.
Orcish apparitions take form around you.
Unknown command.
Nergalle gestures at you while chanting.
The bolt of negative energy hits the spectral orc warrior.
The spectral orc warrior completely resists.
The bolt of negative energy hits you!
You feel drained.
Unknown command.
Nergalle yells, "What are YOU looking at?"
Unknown command.
You feel yourself speed up. Nergalle casts a spell at you.
The bolt of negative energy hits the spectral orc warrior.
The spectral orc warrior completely resists.
The bolt of negative energy hits you!
You feel drained.
Ouch! That really hurt!
You die...

#........
#.......#
#.......#
#.......# #
#.......##.#
#..........##.
#.............
#....Z@.#
#..Z.ZZ.#
#.......#
#.......#
#.o.....+
#.......#
#.......#
#.......#
#.......#


You could see Nergalle, a spectral orc, 2 spectral orc warriors and a spectral
orc knight.

Vanquished Creatures
  A water moccasin (D:5)
  A sky beast (shapeshifter) (D:3)
  A necrophage (D:8)
  A sky beast (D:6)
  A black bear (D:8)
  3 ogres
  An ice beast (D:7)
  A centaur (D:6)
  A bullfrog (D:3)
  2 scorpions
  A killer bee (D:8)
  A howler monkey (D:4)
  4 crimson imps
  4 hounds
  A jelly (D:5)
  5 orc priests
  Crazy Yiuf (D:5)
  9 orc wizards
  A bullfrog skeleton (D:4)
  Natasha (D:4)
  5 worker ants
  A hound skeleton (D:4)
  6 gnolls (D:6)
  9 adders
  A howler monkey skeleton (D:4)
  3 shadow imps
  2 adder skeletons
  2 worms
  2 dart slugs
  5 leopard geckos
  34 orcs
  6 giant cockroaches
  4 goblins
  4 hobgoblins
  19 jackals
  3 quokkas
  A ball python (D:3)
  A bat (D:2)
  7 frilled lizards
  5 kobolds
  2 leopard gecko skeletons
  A quokka skeleton (D:6)
  9 rats
173 creatures vanquished.

Notes
Turn   | Place    | Note
-------+----------+-------------------------------------------
     0 | D:1      | 4thArraOfDagon the Demigod Fire Elementalist began the quest for the Orb.
     0 | D:1      | Reached XP level 1. HP: 14/14 MP: 5/5
    14 | D:1      | Reached skill level 1 in Conjurations
   163 | D:2      | Noticed a dagger
   164 | D:2      | Noticed a dagger
   171 | D:2      | Found a hide-covered altar of Uskayaw.
   264 | D:2      | Found a bloodstained altar of Trog.
   265 | D:2      | Noticed an orc wizard
   280 | D:2      | Reached XP level 2. HP: 20/20 MP: 5/7
   296 | D:1      | Reached skill level 3 in Fire Magic
   385 | D:2      | Reached XP level 3. HP: 17/26 MP: 2/8
   468 | D:2      | Learned a level 3 spell: Conjure Flame
   542 | D:3      | Reached XP level 4. HP: 28/33 MP: 3/10
   684 | D:4      | Noticed Natasha
   768 | D:3      | Reached skill level 4 in Fire Magic
   791 | D:3      | Noticed a bullfrog
   800 | D:3      | Killed a bullfrog
   800 | D:3      | Reached XP level 5. HP: 18/38 MP: 2/11
   837 | D:4      | Found a sparkling altar of Nemelex Xobeh.
   851 | D:4      | Learned a level 4 spell: Sticky Flame
   913 | D:5      | Entered Level 5 of the Dungeon
   917 | D:4      | Noticed an ogre
   977 | D:5      | Found a staircase to the Ecumenical Temple.
  1005 | D:5      | Found a runed door.
  1030 | D:5      | Noticed Crazy Yiuf
  1035 | D:5      | Killed Crazy Yiuf
  1084 | D:4      | Found a deep blue altar of Sif Muna.
  1134 | D:5      | Reached XP level 6. HP: 45/45 MP: 8/13
  1150 | D:5      | Noticed a water moccasin
  1158 | D:5      | Killed a water moccasin
  1208 | D:5      | Found a snail-covered altar of Cheibriados.
  1227 | D:5      | Reached skill level 5 in Fire Magic
  1329 | D:5      | Reached XP level 7. HP: 37/50 MP: 9/15
  1416 | D:4      | HP: 1/50 [jackal (2)]
  1439 | D:4      | Reached skill level 5 in Conjurations
  1593 | D:4      | Learned a level 5 spell: Fireball
  1854 | D:3      | Reached skill level 6 in Fire Magic
  2122 | D:4      | Killed Natasha
  2163 | D:6      | Reached XP level 8. HP: 52/57 MP: 1/17
  2192 | D:6      | Found a white marble altar of Elyvilon.
  2310 | D:6      | Found a blossoming altar of Fedhas.
  2356 | D:6      | Found a burning altar of Makhleb.
  2586 | D:6      | Reached skill level 7 in Fire Magic
  2929 | D:8      | Got a transparent chain mail
  3296 | D:8      | Reached skill level 1 in Fighting
  3306 | D:8      | Found a shattered altar of Ashenzari.
  3700 | D:8      | Reached skill level 1 in Armour
  3811 | D:9      | Found an iron altar of Okawaru.
  3812 | D:9      | Noticed a two-headed ogre
  3950 | D:7      | Noticed 4thArraOfDagon's ghost (novice DgFE)
  3973 | D:8      | Thaneod: ooo
  3984 | D:8      | Reached XP level 9. HP: 17/63 MP: 17/19
  4100 | D:8      | You fall through a shaft for 2 floors!
  4100 | D:10     | Entered Level 10 of the Dungeon
  4100 | D:10     | Noticed Josephine
  4101 | D:10     | :O
  4105 | D:10     | Noticed Nergalle
  4113 | D:10     | Killed from afar by Nergalle

Vault maps used:
D:1:      dpeg_arrival_stonehenge_8_columns
D:2:      lemuel_crystal_altar, dancing_weapons_uskayaw, first_ration,
          kennysheep_potato
D:4:      nicolae_overflow_hidden_temple, uniq_natasha
D:5:      kennysheep_mini, minmay_temple_entry_overgrown,
          uniq_crazy_yiuf_cottage
D:6:      makhleb_grotto_becter, lemuel_doored_altar,
          fedhas_bush_and_centaur_altar
D:7:      grunt_temple_overflow_holy_war, kennysheep_mini_moat,
          lemuel_round_altar, basic_altar
D:8:      basic_altar, grunt_pizzeria
D:9:      okawaru_metal_pillars_1_2, orc_0_dummy
D:10:     dpeg_lair_monsters, serial_shops, shop, uniq_nergalle, uniq_josephine

Skill      XL: |  1  2  3  4  5  6  7  8 |
---------------+-------------------------+-----
Conjurations   | 1 2 3 4 5 6 |  6.9
Fire Magic     | 3 4 5 6 7 |  7.5
Spellcasting   | 2 3 4 |  4.7
Fighting       | 1 |  1.4
Armour         | 1 |  1.4
Dodging        | |  1.7
Stealth        | |  1.7

Action                   |  1- 3 |  4- 6 |  7- 9 || total
-------------------------+-------+-------+-------++-------
Melee: Dagger            |    25 |    41 |       ||    66
       Quarterstaff      |       |    24 |   194 ||   218
       War axe           |       |       |    93 ||    93
 Cast: Flame Tongue      |    47 |    47 |    39 ||   133
       Conjure Flame     |       |     3 |       ||     3
       Sticky Flame      |       |     4 |    12 ||    16
Evoke: Wand              |       |       |     5 ||     5
  Use: Scroll            |     1 |     6 |     4 ||    11
       Potion            |     3 |       |     7 ||    10
 Stab: Sleeping          |     2 |     1 |     1 ||     4
       Paralysed         |       |       |     9 ||     9
  Eat: Chunk             |       |     3 |    11 ||    14
       Ration            |       |       |     1 ||     1
Armor: Robe              |    15 |    26 |    13 ||    54
       Ring mail         |       |       |    75 ||    75
       Shadow dragon sca |       |       |   201 ||   201
Dodge: Dodged            |    17 |    21 |    45 ||    83

Table legend:
 A = Spawn XP
 B = Non-spawn XP
 C = Spawn XP percentage of total XP
 D = Spawn monster count
 E = Non-spawn monster count
 F = Spawn count percentage of total count
 G = Total turns spent on level
                    A         B        C        D         E        F      G
               +---------+---------+-------+---------+---------+-------+---------
         Total |       0 |    3365 |   0.0 |       0 |     173 |   0.0 |  4113
               +---------+---------+-------+---------+---------+-------+---------
           D:1 |       0 |      14 |   0.0 |       0 |       8 |   0.0 |   201
           D:2 |       0 |      83 |   0.0 |       0 |      18 |   0.0 |   366
           D:3 |       0 |     431 |   0.0 |       0 |      36 |   0.0 |   527
           D:4 |       0 |     461 |   0.0 |       0 |      27 |   0.0 |   579
           D:5 |       0 |     619 |   0.0 |       0 |      18 |   0.0 |   600
           D:6 |       0 |     772 |   0.0 |       0 |      36 |   0.0 |   639
           D:7 |       0 |     219 |   0.0 |       0 |       6 |   0.0 |    85
           D:8 |       0 |     763 |   0.0 |       0 |      23 |   0.0 |  1070
           D:9 |       0 |       3 |   0.0 |       0 |       1 |   0.0 |    33
               +---------+---------+-------+---------+---------+-------+---------
